 Dungeon Crawl Stone Soup version 0.30-a0-135-g630cfc4551 (webtiles) character file.

Game seed: 8957700430854198344

93 juncz the Magician (level 4, -8/34 HPs)
             Began as a Djinni Conjurer on Sept 21, 2022.
             Mangled by an orc
             ... wielding a +2 morningstar of distortion
              (18 damage)
             ... on level 3 of the Dungeon.
             The game lasted 00:05:53 (2121 turns).

juncz the Magician (Djinni Conjurer)                Turns: 2121, Time: 00:05:53

Health: -8/34      AC:  3    Str:  6    XL:     4   Next: 92%
Gold:   51         EV: 12    Int: 22    God:
                   SH:  0    Dex: 11

rFire   + + .      SeeInvis .    e - +2 spear (flame)
rCold   x . .      Faith    .    (no shield)
rNeg    . . .      Spirit   .    a - +0 robe
rPois   ∞          Reflect  .    (no helmet)
rElec   .          Harm     .    (no cloak)
rCorr   .          Rampage  .    g - +0 pair of gloves
Will    .....                    (boots unavailable)
Stlth   ++........               (no amulet)
HPRegen 0.11/turn                (no ring)
MPRegen 0.00/turn                (no ring)

@: flying, very slightly contaminated
A: sickness immunity, fire resistance 2, cold vulnerability 1, float, innate
caster, HP casting, extra vitality 1
a: no special abilities


You were on level 3 of the Dungeon.
You visited 1 branch of the dungeon, and saw 3 of its levels.

You collected 113 gold pieces.
You spent 62 gold pieces at shops.

Inventory:

Hand Weapons
 e - a +2 spear of flaming (weapon)
Armour
 a - a +0 robe (worn)
 g - a +0 pair of gloves (worn)
Scrolls
 b - a scroll of fog
 c - a scroll of poison
 d - a scroll of enchant weapon
 f - a scroll of blinking
 h - 2 scrolls of identify
 l - a scroll of vulnerability {unknown}
Potions
 i - a potion of brilliance {unknown}
 j - a potion of degeneration {unknown}
 k - a potion of mutation {unknown}
 m - a potion of heal wounds {unknown}
 n - a potion of curing {unknown}


   Skills:
 + Level 2.4 Fighting
 - Level 2.4 Dodging
 - Level 1.8 Stealth
 + Level 4.0 Spellcasting


You couldn't memorise any spells.
You knew the following spells:

 Your Spells              Type           Power      Damage    Failure   Level
a - Magic Dart            Conj           88%        1d7       2%          1
b - Searing Ray           Conj           44%        2d6       3%          2
c - Dazzling Flash        Conj/Hex       44%        N/A       6%          3
d - Fulminant Prism       Conj/Hex       11%        3d9       22%         4
e - Iskenderun's Mystic   Conj/Tloc      22%        2d6       22%         4
f - Shock                 Conj/Air       88%        1d8       2%          1
Your spell library was empty.

Dungeon Overview and Level Annotations

Branches:
Dungeon (3/15)

Altars:
Ashenzari

Shops:
D:2 [(:??


Innate Abilities, Weirdness & Mutations

You are immune to sickness and miasma.
You are immune to poison.
Your flesh is very heat resistant. (rF++)
You are vulnerable to cold. (rC-)
You float through the air rather than walking.
You learn spells naturally, not from books.
Your magical power is your life essence.
You have superior vitality. (+4 MHP)


Message History

Found a broken altar of Ashenzari.
Ashenzari says, "See what I see, mortal..."
You have a sudden vision of the Shoals and the Spider Nest!
The pharaoh ant gives a chilling moan.
The culicivora's many legs skitter faintly.
The jumping spider's many legs skitter faintly.
The culicivora's many legs skitter faintly.
The jorogumo shouts!
You hear a faint skittering sound.
The pharaoh ant gives a chilling moan.
You hear a skittering sound.
The tarantella's many legs skitter faintly.
The sea snake hisses angrily.
The merfolk siren shouts!
n - a sedimented clear potion 2 orcs come into view.
You miscast Shock.
You are very lightly contaminated with residual magic.
Nothing appears to happen.
The orc shouts!
You hear a shout! x4
The zap hits the orc.
The orc is moderately wounded.
The zap hits the orc.
The orc is heavily wounded.
An orc comes into view.
It is wielding a +2 morningstar of distortion.
The zap hits the orc.
The orc is almost dead.
The orc barely misses you.
The zap hits the orc.
You kill the orc!
You miscast Shock.
Nothing appears to happen.
The orc hits you with a +0 flail.
The zap hits the orc.
You kill the orc!
The zap hits the orc.
The orc is moderately wounded.
The orc barely misses you.
An orc comes into view. It is wielding a +0 mace.
The zap misses the orc.
The orc hits you with a +2 morningstar of distortion!
* * * LOW HITPOINT WARNING * * *
Space warps horribly around you!!
Ouch! That really hurt!
You die...

# .# #####o.#
##$.?...#
#..o....#
#.@# #..####
#.....# ###
#..##.## ..#
####...#####
#.######
##.~#...#m≈≈#
...#....
#.###...#E≈.#
.....#
#.s##...#≈.≈#
....<#
#s#...#..≈#


You could see 2 orcs.

Vanquished Creatures
  Natasha (D:2)
  2 adders
  A dart slug (D:1)
  3 orcs (D:3)
  4 endoplasms
  5 goblins
  5 hobgoblins
  4 quokkas
  7 ball pythons
  4 bats
  A frilled lizard (D:1)
  3 kobolds (D:1)
  3 rats (D:1)
43 creatures vanquished.

Vanquished Creatures (others)
  5 plants (D:1)
5 creatures vanquished.

Grand Total: 48 creatures vanquished

Notes
Turn   | Place    | Note
-------+----------+-------------------------------------------
     0 | D:1      | juncz the Djinni Conjurer began the quest for the Orb.
     0 | D:1      | juncz set off with the following spells memorised: Magic
                  | Dart, Searing Ray, Dazzling Flash, Fulminant Prism,
                  | Iskenderun's Mystic Blast.
     0 | D:1      | Reached XP level 1. HP: 15/15 MP: 0/0
   302 | D:1      | Reached XP level 2. HP: 19/21 MP: 0/0
   660 | D:1      | Found a faded altar of an unknown god.
   775 | D:1      | Reached skill level 1 in Fighting
   851 | D:1      | Reached XP level 3. HP: 25/27 MP: 0/0
   851 | D:1      | Learned a level 1 spell: Shock
  1434 | D:2      | Found Woacwaff's Magic Scroll Shop.
  1438 | D:2      | Bought a scroll of identify for 28 gold pieces
  1438 | D:2      | Bought a scroll of noise for 14 gold pieces
  1658 | D:2      | Found Ecwahoi's Magic Scroll Boutique.
  1662 | D:2      | Bought a scroll of identify for 20 gold pieces
  1700 | D:2      | Found Juankec's Book Shop.
  1789 | D:2      | Found Zaubov's Weapon Boutique.
  1789 | D:2      | Noticed Natasha
  1794 | D:2      | Reached XP level 4. HP: 28/33 MP: 0/0
  1794 | D:2      | Killed Natasha
  1802 | D:2      | Found Ebyatecs's Antique Armour Shoppe.
  2042 | D:3      | Reached skill level 4 in Spellcasting
  2091 | D:3      | Found a broken altar of Ashenzari.
  2095 | D:3      | Saw a vision of the Shoals and the Spider Nest.
  2095 | D:3      | Noticed a tarantella
  2095 | D:3      | Noticed a water elemental
  2095 | D:3      | Noticed a jorogumo
  2095 | D:3      | Noticed a culicivora
  2095 | D:3      | Noticed a redback
  2095 | D:3      | Noticed a merfolk siren
  2095 | D:3      | Noticed a pharaoh ant
  2095 | D:3      | Noticed a jumping spider
  2095 | D:3      | Noticed a sea snake
  2095 | D:3      | Noticed a culicivora
  2095 | D:3      | Noticed a jumping spider
  2095 | D:3      | Noticed a pharaoh ant
  2096 | D:3      | Noticed a torpor snail
  2097 | D:3      | Noticed a merfolk aquamancer
  2097 | D:3      | Noticed a wolf spider
  2099 | D:3      | Noticed a redback
  2121 | D:3      | Mangled by an orc

Illustrated notes

Levels and vault maps discovered:
D:1:      mrwooster_arrival_statue_2, layout_basic,
          shapermc_ecumenical_altar_mp_ritualfount
D:2:      layout_basic, serial_shops, nicolae_shop_crystal, nicolae_shop_stone,
          shop, shop_scrolls, shop, uniq_natasha
D:3:      layout_loops_ring, grunt_ashenzari_visionary
          [grunt_ashenzari_visionary_shoals, grunt_ashenzari_visionary_spider]

Skill      XL: |  1  2  3  4 |
---------------+-------------+-----
Fighting       | 1 2 |  2.4
Spellcasting   | 4 |  4.0
Dodging        | |  2.4
Stealth        | |  1.8

Action                   |  1- 3 |  4- 6 || total
-------------------------+-------+-------++-------
 Cast: Magic Dart        |    34 |       ||    34
       Shock             |    30 |    20 ||    50
  Use: Scroll            |     5 |       ||     5
Dodge: Dodged            |     2 |     2 ||     4

Table legend: (Time is in decaauts)
 A = Elapsed time spent in this place.
 B = Non-inter-level travel time spent in this place.
 C = Inter-level travel time spent in this place.
 D = Time resting spent in this place.
 E = Time spent auto-exploring this place.
 F = Levels seen in this place.
 G = Mean time per level.
                   A        B        C        D        E       F      G
               +--------+--------+--------+--------+--------+-----+--------+
         Total |   2120 |   2069 |     51 |    225 |   1643 |   3 |  706.7 |
       Dungeon |   2120 |   2069 |     51 |    225 |   1643 |   3 |  706.7 |
               +--------+--------+--------+--------+--------+-----+--------+

Top non-repeatable levels by time:
     D:1: 1395 daAuts
     D:2: 589 daAuts
     D:3: 135 daAuts
